 Dungeon Crawl Stone Soup version 0.30-b1-2-g02819fbbbe (webtiles) character file.

Game seed: 13690977118738817123

2508 sanka the Fighter (level 9, -9/71 HPs)
             Began as a Djinni Hexslinger on May 18, 2023.
             Was a Follower of Makhleb.
             Mangled by a two-headed ogre
             ... wielding a +0 giant club
              (18 damage)
             ... on level 8 of the Dungeon.
             The game lasted 00:11:36 (7742 turns).

sanka the Fighter (Djinni Hexslinger)               Turns: 7742, Time: 00:11:36

Health: -9/71      AC:  6    Str: 11    XL:     9   Next: 83%
Gold:   718        EV: 12    Int: 17    God:    Makhleb [*.....] SH:  5 Dex: 14

rFire   + + +        z - +7 great mace "Firestarter" {flame, immolate, rFlCloud rF++}
rCold   . . .        (shield currently unavailable)
rNeg    . . .        I - +2 robe {rC+}
rPois   ∞            k - +0 helmet {SInv}
rElec   .            (no cloak)
rCorr   .            r - +0 pair of gloves
SInv    +            (boots unavailable)
Will    +....        h - amulet of reflection
Stlth   +            n - ring of willpower
HPRegen 0.31/turn    F - ring of wizardry
MPRegen 0.00/turn

%: reflection, wizardry (x1), infuse magic (-10 HP)
@: flying
A: sickness immunity, fire resistance 2, cold vulnerability 1, float, innate
caster, HP casting, extra vitality 1
a: Renounce Religion


You were on level 8 of the Dungeon.
You worshipped Makhleb.
Makhleb was aware of your devotion.
You visited 2 branches of the dungeon, and saw 9 of its levels.

You collected 718 gold pieces.

Inventory:

Hand Weapons
 a - a +1 sling
 b - a +1 dagger of venom
 w - a +0 quarterstaff
 z - the +7 great mace "Firestarter" (weapon) {flame, immolate, rFlCloud rF++}
   (You found it on level 4 of the Dungeon)

   rFlCloud:  It grants immunity to clouds of flame.
   rF:        It greatly protects you from fire.
Armour
 c - +0 pearl dragon scales
 k - a +0 helmet of see invisible (worn)
 r - a +0 pair of gloves (worn)
 x - a +2 robe of willpower
 I - a +2 robe of cold resistance (worn)
Jewellery
 h - an amulet of reflection (around neck)
 n - a ring of willpower (left hand)
 D - a ring of protection from cold
 F - a ring of wizardry (right hand)
Wands
 y - a wand of flame (2)
 B - a wand of iceblast (6)
 H - a wand of charming (2)
Scrolls
 f - 2 scrolls of brand weapon {unknown}
 i - 2 scrolls of vulnerability {unknown}
 j - 9 scrolls of identify {unknown}
 l - a scroll of enchant armour {unknown}
 m - 4 scrolls of immolation {unknown}
 p - 3 scrolls of poison
 s - 5 scrolls of magic mapping {unknown}
 t - 3 scrolls of teleportation {unknown}
 u - 2 scrolls of fog {unknown}
 G - a scroll of enchant weapon {unknown}
Potions
 d - 4 potions of lignification {unknown}
 e - a potion of brilliance {unknown}
 g - 5 potions of curing {unknown}
 o - 2 potions of cancellation {unknown}
 q - a potion of mutation {unknown}
 v - 2 potions of berserk rage {unknown}
 A - 5 potions of heal wounds {unknown}
 C - a potion of might {unknown}
 E - a potion of flight {unknown}


   Skills:
 + Level 8.7 Fighting
 + Level 4.6 Maces & Flails
 - Level 1.5 Ranged Weapons
 - Level 2.1 Dodging
 - Level 6.0 Spellcasting


You knew the following spells:

 Your Spells              Type           Power      Damage    Failure   Level
a - Slow                  Hex            100%       N/A       1%          1
b - Inner Flame           Hex/Fire       25%        N/A       1%          3
c - Portal Projectile     Hex/Tloc       50%        N/A       1%          3
d - Cause Fear            Hex            12%        N/A       4%          4
e - Sting                 Tmut/Pois      100%       1d8       1%          1
f - Blink                 Tloc           50%        N/A       1%          2
g - Summon Guardian Gole  Hex/Summ       25%        N/A       1%          3
h - Gell's Gravitas       Tloc           25%        N/A       1%          3
Your spell library was empty.

Dungeon Overview and Level Annotations

Branches:
Dungeon (8/15)             Temple (1/1) D:4
   Lair: D:8-11

Altars:
Ashenzari
Cheibriados
Dithmenos
Elyvilon
Fedhas
Gozag
Hepliaklqana
Makhleb
Nemelex Xobeh
Okawaru
Qazlal
Ru
Trog
Uskayaw
Wu Jian
Xom
Yredelemnul
Zin
The Shining One

Shops:
D:1 *   D:6 *

Annotations:
D:5 exclusion: ice beast


Innate Abilities, Weirdness & Mutations

You are immune to sickness and miasma.
You are immune to poison.
Your flesh is very heat resistant. (rF++)
You are vulnerable to cold. (rC-)
You float through the air rather than walking.
You learn spells naturally, not from books.
Your magical power is your life essence.
You have superior vitality. (+4 MHP)


Message History

Done exploring.
Done exploring.
Things that are here:
a +0 hand axe; a +0 scale mail
Items here: ))))) [[[.
There is a stone staircase leading down here.
You fly downwards.
The water moccasin hisses angrily.
The two-headed ogre shouts in stereo!
Found a runed hat and a leather armour.
There is a stone staircase leading up here.
Unknown command.
The water moccasin completely misses you.
You barely miss the two-headed ogre. The water moccasin bites you.
The water moccasin bites you but does no damage.
The two-headed ogre hits you with a +0 giant club!!
The two-headed ogre hits you with a +0 giant spiked club!
Unknown command.
You sock the two-headed ogre! You burn the two-headed ogre.
The two-headed ogre is filled with an inner flame.
The two-headed ogre is moderately wounded.
You block the water moccasin's attack. The water moccasin bites you.
The two-headed ogre misses you. The two-headed ogre closely misses you.
Unknown command.
You closely miss the two-headed ogre.
The two-headed ogre is moderately wounded.
The water moccasin barely misses you. You block the water moccasin's attack.
The two-headed ogre barely misses you.
The two-headed ogre hits you with a +0 giant spiked club!
* * * LOW HITPOINT WARNING * * *
Unknown command.
You hit the two-headed ogre.
Flame seeps out of the two-headed ogre.
You burn the two-headed ogre.
Flame seeps out of the two-headed ogre.
The two-headed ogre is moderately wounded.
The water moccasin bites you!
* * * LOW HITPOINT WARNING * * *
The water moccasin barely misses you.
The two-headed ogre is engulfed in blazing flames.
Flame seeps out of the two-headed ogre.
The two-headed ogre hits you with a +0 giant club!!
You die...

..## ##.[ ♣...#
#...♣ .... ....
... ... .. ..
##.♣.##
###.....###
#...O@S...#
#............[#
..♣...###...♣..
#...## ##...#
##. +## #


You could see a two-headed ogre (inner flame) and a water moccasin.

Vanquished Creatures
  Sigmund (D:5)
  A steam dragon (D:4)
  Menkaure (D:4)
  Duvessa (D:4)
  2 water moccasins (D:6)
  A sky beast (D:7)
  2 ice beasts
  2 ogres (D:5)
  A phantom (D:7)
  2 scorpions
  4 wights (D:7)
  Dowan (D:4)
  A howler monkey (D:7)
  2 hounds
  3 jellies
  An orc priest (D:6)
  2 sleepcaps
  6 iguanas
  8 orc wizards
  4 gnolls (D:4)
  8 adders
  2 shadow imps
  A white imp (D:7)
  2 ufetubi
  A worm (D:4)
  A dart slug (D:4)
  21 orcs
  9 endoplasms
  5 giant cockroaches
  6 goblins
  8 hobgoblins
  4 jackals (D:2)
  8 kobolds
  3 quokkas
  12 ball pythons
  4 bats (D:1)
  3 frilled lizards
  2 rats
146 creatures vanquished.

Notes
Turn   | Place    | Note
-------+----------+-------------------------------------------
     0 | D:1      | sanka the Djinni Hexslinger began the quest for the Orb.
     0 | D:1      | sanka set off with the following spells memorised: Slow,
                  | Inner Flame, Portal Projectile, Cause Fear.
     0 | D:1      | Reached XP level 1. HP: 17/17 MP: 0/0
   260 | D:1      | Reached XP level 2. HP: 22/22 MP: 0/0
   278 | D:1      | Found Vohic's Assorted Antiques.
   674 | D:1      | Found a faded altar of an unknown god.
   890 | D:1      | Reached XP level 3. HP: 27/27 MP: 0/0
   890 | D:1      | Learned a level 1 spell: Sting
  1231 | D:2      | Reached XP level 4. HP: 28/33 MP: 0/0
  1433 | D:2      | Reached skill level 2 in Fighting
  1487 | D:2      | Found a basalt altar of Yredelemnul.
  2192 | D:3      | Reached XP level 5. HP: 37/39 MP: 0/0
  2192 | D:3      | Learned a level 2 spell: Blink
  2296 | D:3      | Reached skill level 3 in Fighting
  2969 | D:4      | Noticed Menkaure
  2985 | D:5      | Entered Level 5 of the Dungeon
  3208 | D:5      | Reached XP level 6. HP: 28/46 MP: 0/0
  3276 | D:5      | Noticed an ice beast
  3505 | D:5      | Noticed an ice beast
  3530 | D:5      | Killed an ice beast
  3531 | D:5      | Reached skill level 4 in Fighting
  3729 | D:5      | Noticed Sigmund
  3737 | D:5      | Killed Sigmund
  3738 | D:5      | Reached XP level 7. HP: 29/53 MP: 0/0
  3738 | D:5      | Learned a level 3 spell: Summon Guardian Golem
  3989 | D:5      | Reached skill level 5 in Fighting
  3989 | D:5      | Reached skill level 5 in Spellcasting
  4714 | D:4      | Found the +7 great mace "Firestarter" {flame, immolate,
                  | rFlCloud rF++}
  4714 | D:4      | Found a staircase to the Ecumenical Temple.
  4726 | Temple   | Entered the Ecumenical Temple
  4818 | Temple   | Became a worshipper of Makhleb the Destroyer
  4889 | D:4      | Reached XP level 8. HP: 47/60 MP: 0/0
  4957 | D:4      | Noticed Dowan
  4958 | D:4      | Noticed Duvessa
  4963 | D:4      | Killed Duvessa
  4985 | D:4      | Killed Dowan
  5181 | D:4      | Reached skill level 6 in Fighting
  5282 | D:4      | Killed Menkaure
  5552 | D:4      | Reached skill level 1 in Maces & Flails
  5555 | D:4      | Reached * piety under Makhleb
  5556 | D:4      | Reached skill level 7 in Fighting
  5812 | D:6      | Reached XP level 9. HP: 62/68 MP: 0/0
  5812 | D:6      | Learned a level 3 spell: Gell's Gravitas
  6034 | D:6      | Found Lifoicif's Assorted Antiques.
  6489 | D:6      | Found a sparkling altar of Nemelex Xobeh.
  6491 | D:6      | Found a glowing golden altar of the Shining One.
  6648 | D:6      | Found an ornate altar of the Wu Jian Council.
  6803 | D:6      | Reached skill level 8 in Fighting
  7363 | D:7      | Found a shadowy altar of Dithmenos.
  7364 | D:7      | Found an iron altar of Okawaru.
  7365 | D:7      | Found a glowing silver altar of Zin.
  7365 | D:7      | Found a basalt altar of Yredelemnul.
  7734 | D:8      | Noticed a two-headed ogre
  7742 | D:8      | Mangled by a two-headed ogre

Illustrated notes

Levels and vault maps discovered:
D:1:      minmay_arrival_up_and_down, layout_basic, serial_shops,
          nicolae_shop_hallway_stairs, dilly_ecumenical_altar_fadedgnrine
D:2:      layout_basic, basic_altar
D:3:      layout_loops_ring, serial_glass, glass_columns_b, glass_columns_c
D:4:      minmay_polygon_palace, layout_basic, temple_hall, uniq_duvessa,
          uniq_menkaure
D:5:      layout_loops_ring, uniq_sigmund
D:6:      layout_basic, nicolae_overflow_hidden_temple, serial_shops,
          shop_fountains
D:7:      layout_loops_ring, chequers_temple_overflow_statue_of_worship
D:8:      layout_loops_cross, serial_shops, shop, minmay_fountain_box,
          grunt_ministairs_13, uniq_amaemon, uniq_gastronok
Temple:   compressed_dpeg_circular_temple

Skill      XL: |  1  2  3  4  5  6  7  8  9 |
---------------+----------------------------+-----
Spellcasting   | 3 4 5 6 |  6.0
Fighting       | 2 3 4 5 7 8 |  8.7
Maces & Flails | 2 4 |  4.6
Ranged Weapons | |  1.5
Dodging        | |  2.1

Action                     |  1- 3 |  4- 6 |  7- 9 || total
---------------------------+-------+-------+-------++-------
  Melee: Short sword       |       |     4 |       ||     4
         Quarterstaff      |       |    22 |       ||    22
         Dagger            |       |     6 |       ||     6
         Great mace        |       |       |   135 ||   135
   Fire: Sling             |    99 |   120 |    10 ||   229
   Cast: Sting             |     3 |    43 |    30 ||    76
         Slow              |       |     4 |       ||     4
   Stab: Distracted        |       |       |     1 ||     1
 Armour: Robe              |    11 |    19 |    42 ||    72
  Dodge: Dodged            |    45 |    57 |    85 ||   187
  Block: Other             |       |    22 |    38 ||    60
